 Dungeon Crawl Stone Soup version 0.30.1-4-g462c640d31 (webtiles) character file.

Game seed: 10868399912846921591

1785 Kurtz the Cleaver (level 9, -4/54 HPs)
             Began as a Tengu Fighter on Sept 16, 2023.
             Was an Initiate of Okawaru.
             Slain by a wolf (9 damage)
             ... led by Grum
             ... on level 6 of the Dungeon.
             The game lasted 00:08:07 (6993 turns).

Kurtz the Cleaver (Tengu Fighter)                   Turns: 6993, Time: 00:08:08

Health: -4/54      AC:  6    Str: 20    XL:     9   Next: 8%
Magic:  10/10      EV: 15    Int:  9    God:    Okawaru [......]
Gold:   546        SH:  5    Dex: 14    Spells: 8/8 levels left

rFire   + . .        u - +1 hand axe (heavy)
rCold   + . .        c - +0 buckler
rNeg    . . .        s - +3 leather armour {rF+}
rPois   .            (helmet restricted)
rElec   .            (no cloak)
rCorr   +            (no gloves)
SInv    .            (boots unavailable)
Will    .....        k - amulet of the acrobat
Stlth   +            f - ring of resist corrosion
HPRegen 0.29/turn    y - ring of protection from cold
MPRegen 0.12/turn

%: acrobat
@: flying quickly and evasively, hasted, studying Polearms, very quick
A: beak, talons 3, nimble flight
a: Renounce Religion


You were on level 6 of the Dungeon.
You worshipped Okawaru.
Okawaru was noncommittal.
You visited 2 branches of the dungeon, and saw 9 of its levels.

You collected 546 gold pieces.

Inventory:

Hand Weapons
 a - a +0 war axe
 u - a +1 heavy hand axe (weapon)
 B - a +0 flail of draining
Missiles
 l - 17 poisoned darts (quivered)
 z - 5 silver boomerangs
Armour
 b - a +0 scale mail
 c - a +0 buckler (worn)
 i - a +0 chain mail
 s - a +3 leather armour of fire resistance (worn)
Jewellery
 f - a ring of resist corrosion (left hand)
 k - an amulet of the acrobat (around neck)
 y - a ring of protection from cold (right hand)
 E - an amulet of magic regeneration
Wands
 r - a wand of mindburst (15)
 I - a wand of light (7)
Scrolls
 e - 4 scrolls of immolation {unknown}
 g - a scroll of amnesia {unknown}
 h - a scroll of enchant armour {unknown}
 j - 2 scrolls of noise {unknown}
 m - 9 scrolls of identify {unknown}
 p - 2 scrolls of fear {unknown}
 t - a scroll of silence {unknown}
 w - a scroll of fog {unknown}
 x - a scroll of teleportation {unknown}
 C - 2 scrolls of blinking {unknown}
 D - a scroll of enchant weapon {unknown}
 F - a scroll of summoning {unknown}
Potions
 d - 2 potions of might
 q - a potion of flight
 v - a potion of degeneration {unknown}
 A - 2 potions of brilliance
 G - a potion of berserk rage {unknown}
 H - a potion of attraction {unknown}


   Skills:
 * Level 5.3 Fighting
 * Level 9.6 Axes
 * Level 5.1 Armour
 * Level 4.4 Dodging
 + Level 3.7 Shields
 * Level 0.3 Invocations


You had 8 spell levels left.
You didn't know any spells.
Your spell library contained the following spells:

 Spells                   Type           Power      Damage    Failure   Level
 Slow                     Hex            0%         N/A       52%         1
 Confusing Touch          Hex            0%         N/A       87%         3
 Vampiric Draining        Necr           0%         2d6       87%         3


Dungeon Overview and Level Annotations

Branches:
Dungeon (8/15)             Temple (1/1) D:7
   Lair: D:8-11

Altars:
Ashenzari
Cheibriados
Dithmenos
Elyvilon
Fedhas
Gozag
Hepliaklqana
Kikubaaqudgha
Nemelex Xobeh
Okawaru
Qazlal
Ru
Sif Muna
Trog
Vehumet
Wu Jian
Xom
Yredelemnul
Zin
The Shining One

Annotations:
D:4 1 runed translucent door, Xrynn's ghost, amateur MiBe
D:6 1 runed translucent door, croobank's ghost, novice DsDe
D:8 Grum


Innate Abilities, Weirdness & Mutations

You have a beak for a mouth.
You have claws for feet.
Your magical nature lets you fly swiftly and evasively.


Message History

* * * LOW HITPOINT WARNING * * *
The wolf bites you but does no damage.
You fly upwards.
There is a stone staircase leading down here.
The wolf attacks as you move away! The wolf misses you.
The wolf attacks as you move away! You block the wolf's attack.
The wolf completely misses you.
It was a potion of curing.
You feel better. The wolf closely misses you.
You closely miss the wolf. You claw the wolf.
The wolf is moderately wounded.
You miss the wolf. The wolf bites you.
* * * LOW HITPOINT WARNING * * *
The wolf misses you. x2; The wolf bites you.
* * * LOW HITPOINT WARNING * * *
Unknown command.
The wolf attacks as you move away! The wolf bites you but does no damage.
The wolf misses you. The wolf attacks as you move away! The wolf misses you.
The wolf attacks as you move away! The wolf misses you.
The wolf completely misses you.
Okay, then.
You feel better. The wolf bites you but does no damage. The wolf bites you!
* * * LOW HITPOINT WARNING * * *
You feel yourself speed up. You block the wolf's attack.
The wolf attacks as you move away! You block the wolf's attack.
The wolf attacks as you move away! You block the wolf's attack.
You see here a +0 shortbow.
The wolf attacks as you move away! The wolf completely misses you.
There is a stone staircase leading up here.
The wolf closely misses you.
You fly upwards.
Level annotation: 1 runed translucent door, croobank's ghost, novice DsDe
There is a stone staircase leading down here.
Unknown command.
Unknown command.
You hit the wolf. Your kick misses the wolf.
The wolf is lightly wounded.
You block the wolf's attack. The wolf bites you!
You die...

.)..).###..)....##.........####..
#.#)########.######.......## ##.
...)<#...........###.....## ##
#(#.##.###.#.###.# ##...####
.....#.##....# #.# #.......#
#.#.##.##..#.###.###.#.###.#
.......##...............##.#
#.#.##.##.##.####.##.......#
..####.......###@..##...#### ###
####.....#h#.#......#
##..........#.#...##
##...###....##.##..#########
##...##⌠##.....###...........
#...##..W##...## #.##########
#..##..!..##..# #.#
#..+...♣..⌠#..# #.#
#..##..?..##..# #.#


You could see a wolf and croobank's ghost.

Vanquished Creatures
  Edmund (D:5)
  2 water moccasins (D:6)
  A wolf (D:8)
  3 centaurs
  Blork the orc (D:5)
  2 scorpions
  5 wights
  A gnoll bouda (D:6)
  3 hounds
  A sleepcap (D:4)
  Terence (D:2)
  Natasha (thrice) (D:3)
  4 iguanas
  2 orc wizards
  11 gnolls
  7 adders
  A shadow imp (D:5)
  4 white imps
  A worm (D:2)
  3 dart slugs
  19 orcs
  5 ball pythons
  3 bats
  6 endoplasms
  2 giant cockroaches
  4 goblins
  6 hobgoblins
  4 jackals (D:1)
  7 quokkas
  A frilled lizard (D:1)
  7 kobolds
  7 rats
128 creatures vanquished.

Notes
Turn   | Place    | Note
-------+----------+-------------------------------------------
     0 | D:1      | Kurtz the Tengu Fighter began the quest for the Orb.
     0 | D:1      | Reached XP level 1. HP: 14/14 MP: 2/2
    22 | D:1      | Reached XP level 2. HP: 15/19 MP: 3/3
    70 | D:1      | Found a faded altar of an unknown god.
    72 | D:1      | Reached skill level 3 in Axes
   796 | D:2      | Noticed Terence
   806 | D:2      | Killed Terence
   807 | D:2      | Reached skill level 4 in Axes
   807 | D:2      | Reached XP level 3. HP: 11/23 MP: 4/4
  1011 | D:2      | Reached XP level 4. HP: 28/28 MP: 5/5
  1386 | D:2      | Reached skill level 5 in Axes
  1815 | D:2      | Gained mutation: Your magical nature lets you fly swiftly
                  | and evasively. [Tengu growth]
  1815 | D:2      | Reached XP level 5. HP: 32/32 MP: 6/6
  2059 | D:3      | Noticed an ogre
  2060 | D:3      | Noticed Natasha
  2332 | D:3      | Killed Natasha
  2333 | D:3      | Reached skill level 6 in Axes
  2433 | D:3      | Noticed Natasha
  2440 | D:3      | Killed Natasha
  2441 | D:3      | Reached XP level 6. HP: 22/37 MP: 7/7
  2550 | D:3      | Noticed Natasha
  2553 | D:3      | Killed Natasha
  2902 | D:4      | Found a runed translucent door.
  2908 | D:4      | Noticed Xrynn's ghost (amateur MiBe)
  3070 | D:4      | Reached skill level 1 in Dodging
  3244 | D:4      | Found a stormy altar of Qazlal.
  3291 | D:4      | Reached skill level 7 in Axes
  3773 | D:5      | Entered Level 5 of the Dungeon
  3826 | D:5      | Reached XP level 7. HP: 41/41 MP: 8/8
  3918 | D:5      | Noticed Blork the orc
  3922 | D:5      | Killed Blork the orc
  3939 | D:5      | Noticed Edmund
  3964 | D:5      | Killed Edmund
  4142 | D:5      | Reached skill level 8 in Axes
  4475 | D:6      | Reached XP level 8. HP: 8/48 MP: 9/9
  5203 | D:5      | Reached skill level 9 in Axes
  5787 | D:6      | Noticed croobank's ghost (novice DsDe)
  5871 | D:6      | Reached skill level 5 in Fighting
  5924 | D:6      | Found a runed translucent door.
  6219 | D:6      | Found an ancient bone altar of Kikubaaqudgha.
  6354 | D:7      | Reached skill level 5 in Armour
  6354 | D:7      | Reached XP level 9. HP: 45/54 MP: 10/10
  6407 | D:7      | Found an ornate altar of the Wu Jian Council.
  6429 | D:7      | Found a broken altar of Ashenzari.
  6429 | D:7      | Found a glowing golden altar of the Shining One.
  6557 | D:7      | Found a staircase to the Ecumenical Temple.
  6576 | Temple   | Entered the Ecumenical Temple
  6680 | Temple   | Became a worshipper of Warmaster Okawaru
  6953 | D:8      | Noticed Grum
  6977 | D:7      | HP: 1/54 [wolf[Grum] (5)]
  6993 | D:6      | Slain by a wolf

Illustrated notes

Levels and vault maps discovered:
D:1:      minmay_arrival_loop, layout_loops_ring, ebering_ecumenical_altar_mist
D:2:      layout_basic, uniq_terence
D:3:      layout_rooms, uniq_natasha
D:4:      layout_loops_ring, nicolae_qazlal_eye_of_the_storm,
          ebering_ghost_reflecting_pool, serial_park_tiny_1,
          dreamdust_wishing_well, minmay_misc_feat_secret_circle,
          hangedman_decor_slide_cut
D:5:      layout_rooms, chequers_garden, minmay_fractal_squares_5,
          uniq_blork_the_orc, uniq_edmund
D:6:      layout_loops_corners, nicolae_overflow_hidden_temple,
          hellmonk_ghost_happy_afterlife, wad_floor_pattern_1, st_stairs_13
D:7:      layout_rooms, gammafunk_temple_overflow_elements,
          nzn_wu_jian_contemplation, minmay_temple_entry_glass,
          chequers_serial_rivers_large_a, minmay_crystal_room,
          minmay_manual_mares
D:8:      layout_gridville, lair_entry_dummy, uniq_grum
Temple:   regret_index_temple_sphere_string

Skill      XL: |  1  2  3  4  5  6  7  8 |
---------------+-------------------------+-----
Axes           | 4 5 6 7 8 9 |  9.6
Dodging        | 1 2 4 |  4.4
Armour         | 4 5 |  5.1
Fighting       | 4 5 |  5.3
Shields        | |  3.7
Invocations    | |  0.3

Action                     |  1- 3 |  4- 6 |  7- 9 || total
---------------------------+-------+-------+-------++-------
  Melee: War axe           |    58 |   109 |       ||   167
         Kick              |    10 |    24 |    48 ||    82
         Peck              |     5 |    21 |    19 ||    45
         Hand axe          |       |    20 |   153 ||   173
  Throw: Dart              |     3 |       |     4 ||     7
  Evoke: Wand              |       |       |     3 ||     3
    Use: Potion            |       |       |     5 ||     5
 Armour: Scale mail        |    30 |    23 |       ||    53
         Leather armour    |       |    10 |    29 ||    39
  Dodge: Dodged            |    30 |    86 |   152 ||   268
  Block: Buckler           |     9 |    43 |    69 ||   121
